[Event "Late-Titled-Tuesday-Blitz-March-26-2024"]
[Site "Chess.com"]
[Date "2024.03.26"]
[Round "8"]
[White "ProfessorChess101"]
[Black "GMMikhailKazakov"]
[Result "1-0"]
[WhiteElo "2776"]
[BlackElo "2513"]
[TimeControl "180+1"]
[EndTime "15:27:50 PDT"]
[Termination "ProfessorChess101 won on time"]

1. d4 d5 2. c4 e6 3. Nc3 c5 4.
cxd5 exd5 5. Nf3 Nc6 6. dxc5 Be6 7. Be3 Nf6 8. Nd4 Ng4 9. Nxc6 bxc6 10. Bd4 Qb8 11. Qa4 Bd7 12. h3 Nh2 13. O-O-O Nxf1 14. Rhxf1 Qb7 15. e4 Rb8 16. Qc2 f6 17. Rfe1 Kf7 18. f4 Be7 19. e5 Bf5 20. Qe2 Rhe8 21. g4 Be4 22. Nxe4 dxe4 23. Qc4+ Kf8 24. Rxe4 Qb5 25. Qc3 Bd8 26. exf6 Rxe4 27. fxg7+ Kf7 28. Be5 Rb7 29. Rxd8 Re1+ 30. Qxe1 Qc4+ 31. Qc3 Qf1+ 32. Rd1 1-0

[Event "Late-Titled-Tuesday-Blitz-March-26-2024"]
[Site "Chess.com"]
[Date "2024.03.26"]
[Round "8"]
[White "SuperJesus88"]
[Black "PepeCuenca"]
[Result "0-1"]
[WhiteElo "2502"]
[BlackElo "2740"]
[TimeControl "180+1"]
[EndTime "15:27:51 PDT"]
[Termination "PepeCuenca won by resignation"]

1. e4 c5 2. Nf3 Nc6 3. d4 cxd4 4. Nxd4 e5 5. Nxc6 bxc6 6. Bd3 Nf6 7. O-O Bc5 8. Qe2 O-O 9. Be3 Bxe3 10. Qxe3 Qb6 11. Qxb6 axb6 12. Nd2 b5 13. a4 bxa4 14.
Nc4 d5 15. Nxe5 dxe4 16. Bc4 Bb7 17. Rfd1 Nd5 18. Nd7 Rfe8 19. Nc5 Bc8 20. Bxd5 cxd5 21. Rxd5 Rb8 22. Nxa4 Bb7 23. Rb5 Bc6 24. Ra5 Bxa4 25.
R5xa4 Rxb2 26. Rxe4 Rc8 27. Re2 h5 28. Rc1 g6 29. f3 Kg7 30. Kf2 Rc3 31. Ke1 Kf6 32.
Kd2 Rc6 33. Re3 Rb7 34. Rc3 Rd7+ 35. Rd3 Rb7 36. c3 Rb2+ 37. Rc2 Rb1 38. Ke2 Rb3 39. c4 Rb4 40. Rdc3 Rb1 41. Ke3 Re1+ 42. Re2 Re6+ 0-1

[Event "Late-Titled-Tuesday-Blitz-March-26-2024"]
[Site "Chess.com"]
[Date "2024.03.26"]
[Round "8"]
[White "The_Straightforward_Rook"]
[Black "santosalberto1987"]
[Result "1-0"]
[WhiteElo "2395"]
[BlackElo "2507"]
[TimeControl "180+1"]
[EndTime "15:27:52 PDT"]
[Termination "The_Straightforward_Rook won by resignation"]

1. Nf3 Nf6 2. c4 g6 3. d4 d6 4. e3 Bg7 5. Be2 O-O 6. Nc3 c5 7. O-O b6 8. d5 e6 9. e4 exd5 10.
exd5 Bg4 11. Bf4 a6 12. h3 Bxf3 13. Bxf3 Qc7 14. a4 Nbd7 15. Re1 Rfe8 16. Qc2 Rxe1+ 17. Rxe1 Re8 18. Rxe8+ Nxe8 19. Qe4 Ne5 20. Be2 Nf6 21. Qe3 Qd8 22. Bxe5 dxe5 23. Qxe5 Ne8 24. Qe3 Nd6 25.
b3 h5 26. Ne4 Nxe4 27. Qxe4 Qd6 28. Qe8+ Bf8 29. Bf3 a5 30. Kf1 Kg7 31. g3 Qe7 32. Qc6 Qf6 33. Qxf6+ Kxf6 34. Ke2 Ke5 35. Kd3 h4 36. gxh4 Kf4 37. Be2 Be7 38. h5 gxh5 39. Bxh5 f6 40. Be2 f5 41. Bh5 Bf8 42. Bf7 Be7 43.
Bg6 Kg5 44. Bh7 Kf4 45. Bg8 Bf6 46. d6 Ke5 47. d7 Kd6 48. Bh7 Kxd7 49. Bxf5+ Kd6 50.
Ke4 Ke7 51. Bc8 Kf7 52. Kf5 Kg7 53. f4 Bc3 54. h4 Bd4 55. h5 Bf6 56. Ke6 Bd4 57.
Bd7 Bc3 58. Be8 Bd4 59. Bg6 Bc3 60. Kd5 Bd4 61. Kc6 Bc3 62. Kxb6 Bb4 63. f5 Kf6 64. h6 1-0

[Event "Late-Titled-Tuesday-Blitz-March-26-2024"]
[Site "Chess.com"]
[Date "2024.03.26"]
[Round "8"]
[White "azikom"]
[Black "carloseduar100"]
[Result "1-0"]
[WhiteElo "2617"]
[BlackElo "2250"]
[TimeControl "180+1"]
[EndTime "15:27:53 PDT"]
[Termination "azikom won by checkmate"]

1. c4 Nf6 2. Nc3 g6 3. e4 d6 4. d4 Bg7 5. Bg5 O-O 6. f3 c5 7. d5 a6 8. a4 a5 9. Nge2 Na6 10.
Ng3 Nb4 11. Be2 e6 12. O-O exd5 13. cxd5 Re8 14. Qd2 Qb6 15. Kh1 Bd7 16. Bb5 Rad8 17. Bxd7 Rxd7 18. Nb5 c4 19. Be3 Qd8 20. Rac1 Rde7 21.
Bd4 Re5 22. Rxc4 Nh5 23. Bxe5 Rxe5 24. Nxh5 Rxh5 25. g3 h6 26. Rfc1 Qf6 27. Qe2 Kh7 28. Kg2 g5 29. Rc7 Kg6 30. Rxb7 Qd4 31. Rd1 Qc5 32. Rc7 Qb6 33. Rdc1 Qb8 34. Rd7 Be5 35. Rcc7 Qg8 36. Nxd6 Bxd6 37. Rxd6+ f6 38. Rdd7 g4 39.
f4 Rh3 40. Qxg4# 1-0

[Event "Late-Titled-Tuesday-Blitz-March-26-2024"]
[Site "Chess.com"]
[Date "2024.03.26"]
[Round "8"]
[White "maximnovik"]
[Black "DACF2905"]
[Result "1-0"]
[WhiteElo "2583"]
[BlackElo "2413"]
[TimeControl "180+1"]
[EndTime "15:27:54 PDT"]
[Termination "maximnovik won by checkmate"]

1. e4 e5 2. Nf3 Nc6 3. Bc4 Be7 4.
d3 Nf6 5. O-O O-O 6. Re1 h6 7.
c3 d6 8. Bb3 Bg4 9. h3 Be6 10.
Bc2 a5 11. a4 Qd7 12. Nbd2 Rfe8 13. Nf1 Bf8 14. Ng3 g6 15. d4 exd4 16. cxd4 Bg7 17. d5 Bxh3 18. gxh3 Nb4 19. Kg2 c6 20. dxc6 Qxc6 21.
Bb1 d5 22. e5 Nd7 23. Nd4 Qa6 24.
f4 Nc5 25. Ra3 h5 26. h4 Rac8 27. Rae3 Ne6 28. Nxe6 Qxe6 29. f5 Qc6 30. e6 d4+ 31. Rf3 fxe6 32. fxg6 Rf8 33. Be4 Qc5 34. Rxf8+ Rxf8 35. Rf1 d3 36. Rxf8+ Bxf8 37. Qf3 Qc2+ 38. Kh3 Qc7 39. Bd2 Bd6 40. Nxh5 e5 41. Nf6+ Kg7 42. Nh5+ Kg8 43. g7 Nc6 44. Bd5+ Kh7 45. g8=Q# 1-0

[Event "Late-Titled-Tuesday-Blitz-March-26-2024"]
[Site "Chess.com"]
[Date "2024.03.26"]
[Round "8"]
[White "dropstoneDP"]
[Black "eljanov"]
[Result "1/2-1/2"]
[WhiteElo "3006"]
[BlackElo "2910"]
[TimeControl "180+1"]
[EndTime "15:27:56 PDT"]
[Termination "Game drawn by repetition"]

1. e4 c6 2. d4 d5 3. Nd2 dxe4 4. Nxe4 Nf6 5. Nxf6+ exf6 6. h3 Bd6 7. Bd3 O-O 8.
Ne2 Bf5 9. O-O Bxd3 10. Qxd3 Re8 11. Bf4 Na6 12. Bxd6 Qxd6 13. a3 Nc7 14. Rad1 Rad8 15. Rfe1 Qe6 16. Qd2 Qc4 17. b3 Qd5 18. c4 Qd6 19.
Qa5 a6 20. Nc3 Rxe1+ 21. Rxe1 Ne6 22. d5 cxd5 23. Nxd5 h6 24. Rd1 Kf8 25. Kf1 Qc5 26.
Qb4 b5 27. cxb5 Qxb4 28. axb4 axb5 29. Ke1 Re8 30. Kf1 Rd8 31. Ke1 Re8 32. Kf1 Rd8 1/2-1/2

[Event "Late-Titled-Tuesday-Blitz-March-26-2024"]
[Site "Chess.com"]
[Date "2024.03.26"]
[Round "8"]
[White "MoldyTofu"]
[Black "Viktor_Poddubnyi"]
[Result "1/2-1/2"]
[WhiteElo "2066"]
[BlackElo "2297"]
[TimeControl "180+1"]
[EndTime "15:27:57 PDT"]
[Termination "Game drawn by repetition"]

1. b3 Nf6 2. Bb2 e6 3. e3 Be7 4. Nf3 O-O 5. Be2 c5 6. d4 cxd4 7. exd4 d5 8. O-O b6 9. c4 Bb7 10. Ne5 Nc6 11. cxd5 Nxd5 12. Nc3 Nxc3 13. Bxc3 Nb4 14. Bf3 Bxf3 15. Qxf3 Nd5 16. Nc6 Qc7 17. Nxe7+ Qxe7 18. Rac1 Rfd8 19. Rfd1 Rac8 20. Bb2 Qb4 21. h3 Qa5 22. a3 Qb5 23. b4 h6 24. Qb3 a5 25. Qd3 Qxd3 26. Rxd3 Rxc1+ 27. Bxc1 axb4 28. axb4 Nxb4 29. Rb3 Rxd4 30. Be3 Rd1+ 31. Kh2 Nd5 32. Bxb6 Nxb6 33. Rxb6 g5 34. g3 Kg7 35. Kg2 Kf6 36. Rb3 Kf5 37. Rf3+ Kg6 38. Re3 Rd5 39. g4 Kf6 40. Rf3+ Kg6 41. Re3 Rd4 42. Rc3 Rf4 43. Rc5 f5 44. Kg3 Kf6 45. Rc8 Rb4 46. Rf8+ Kg7 47.
Re8 Kf7 48. Rh8 Rb3+ 49. Kg2 Kg7 50. Re8 Rb6 51. Rc8 Ra6 52. Rc7+ Kg6 53. Rc8 Kg7 54. Rc7+ Kg6 55. Rc8 Kg7 1/2-1/2

[Event "Late-Titled-Tuesday-Blitz-March-26-2024"]
[Site "Chess.com"]
[Date "2024.03.26"]
[Round "8"]
[White "newauto"]
[Black "akanga001"]
[Result "1-0"]
[WhiteElo "2204"]
[BlackElo "2072"]
[TimeControl "180+1"]
[EndTime "15:27:57 PDT"]
[Termination "newauto won by resignation"]

1. d4 d5 2. Nf3 Nf6 3. e3 e6 4.
Be2 c6 5. O-O Nbd7 6. c4 Be7 7.
h3 O-O 8. Nc3 Kh8 9. Qc2 Rg8 10.
Re1 g5 11. Ne5 Nxe5 12. dxe5 Nd7 13. f4 gxf4 14. exf4 Bh4 15. Rf1 Bg3 16. Bd3 Qh4 17. Ne2 Nc5 18. cxd5 Nxd3 19. Qxd3 exd5 20. Nxg3 Rxg3 21.
Rf3 Rxf3 22. Qxf3 Bf5 23. Qf2 Qh6 24. Be3 Rg8 25. Bd4 Bxh3 26. e6+ f6 27. e7 Bd7 28.
Re1 Be8 29. Re6 Rg6 30. f5 Qc1+ 31. Re1 Qxe1+ 32. Qxe1 Rh6 33. Qe6 Kg7 34. Kf2 a5 35. g4 Rh2+ 36. Kg3 Rh6 37. g5 Rh5 38. Qxf6+ Kg8 39. Qe6+ 1-0

[Event "Late-Titled-Tuesday-Blitz-March-26-2024"]
[Site "Chess.com"]
[Date "2024.03.26"]
[Round "8"]
[White "janhelmer03"]
[Black "Statham_01"]
[Result "0-1"]
[WhiteElo "2420"]
[BlackElo "2624"]
[TimeControl "180+1"]
[EndTime "15:28:00 PDT"]
[Termination "Statham_01 won by resignation"]

1. Nf3 d5 2. e3 Nf6 3. c4 e6 4.
Nc3 c5 5. cxd5 Nxd5 6. Be2 Nc6 7. O-O Be7 8. b3 O-O 9. Bb2 Bf6 10. Qc1 b6 11.
Nxd5 Bxb2 12. Qxb2 Qxd5 13. Rfd1 Bb7 14. Bf1 e5 15. d3 Rad8 16. a3 Kh8 17. b4 cxb4 18.
axb4 a6 19. d4 e4 20. Nd2 b5 21. Rdc1 f5 22. Rc5 Qd6 23. Qc3 Ne7 24. Nb3 Nd5 25. Qd2 f4 26. Na5 Ba8 27. exf4 Nxf4 28. Rd1 Qg6 29.
Qe3 Qg4 30. Rdc1 Nd3 31. Rg5 Qh4 32. Bxd3 exd3 33. Rc7 d2 34. Qxd2 Rxd4 35. Qe2 Qxf2+ 0-1

[Event "Late-Titled-Tuesday-Blitz-March-26-2024"]
[Site "Chess.com"]
[Date "2024.03.26"]
[Round "8"]
[White "martinmena"]
[Black "Christian_Jordan"]
[Result "0-1"]
[WhiteElo "2201"]
[BlackElo "2045"]
[TimeControl "180+1"]
[EndTime "15:28:01 PDT"]
[Termination "Christian_Jordan won on time"]

1. c4 b6 2. Nc3 Bb7 3. e4 e6 4.
g3 Bb4 5. Bg2 f5 6. Nge2 Nf6 7.
Qc2 O-O 8. O-O fxe4 9. Nxe4 Nxe4 10. Bxe4 Bxe4 11. Qxe4 Nc6 12. d4 Qf6 13. b3 Rae8 14. Bb2 Qf5 15. f3 Qxe4 16. fxe4 Bd2 17. d5 Nb4 18. Rad1 Be3+ 19. Kg2 exd5 20. Ba3 Bc5 21. Rxf8+ Kxf8 22. Bxb4 Bxb4 23. Rxd5 Rxe4 24. Nf4 Bd6 25. Rf5+ Kg8 26. Kf3 Re5 27. Rxe5 Bxe5 28. Nd5 Kf7 29. h4 Ke6 30. g4 c6 31. Ne3 Bd4 32. Nf5 c5 0-1

[Event "Late-Titled-Tuesday-Blitz-March-26-2024"]
[Site "Chess.com"]
[Date "2024.03.26"]
[Round "8"]
[White "DeArron_Fox"]
[Black "stepanosinovsky"]
[Result "1-0"]
[WhiteElo "2511"]
[BlackElo "2384"]
[TimeControl "180+1"]
[EndTime "15:28:03 PDT"]
[Termination "DeArron_Fox won on time"]

1. d4 Nf6 2. c4 g6 3. Nc3 Bg7 4. e4 O-O 5. f3 d6 6. Be3 c5 7. Nge2 Nc6 8. d5 Ne5 9. Ng3 e6 10. Be2 exd5 11. cxd5 a6 12. a4 Bd7 13. O-O Rb8 14. a5 b5 15. axb6 Rxb6 16. Qc2 Qb8 17. Ra2 Bb5 18. Nxb5 axb5 19. Rfa1 Nc4 20. Bxc4 bxc4 21.
Qxc4 Rxb2 22. Rxb2 Qxb2 23. Ra6 Rd8 24. Nf1 Qb7 25.
Qa4 h6 26. Qc6 Qb8 27. Nd2 Ne8 28. Qb6 Qc8 29. Ra7 c4 30. Qb7 c3 31. Qxc8 Rxc8 32.
Nb3 c2 33. Kf2 Nc7 34. Ke2 Nb5 35. Rb7 1-0

[Event "Late-Titled-Tuesday-Blitz-March-26-2024"]
[Site "Chess.com"]
[Date "2024.03.26"]
[Round "8"]
[White "Arigu07"]
[Black "Heliosis11"]
[Result "0-1"]
[WhiteElo "2559"]
[BlackElo "2352"]
[TimeControl "180+1"]
[EndTime "15:28:04 PDT"]
[Termination "Heliosis11 won by checkmate"]

1. d4 Nf6 2. c4 e6 3. Nf3 b6 4.
Bg5 Bb7 5. Nbd2 Bb4 6. e3 h6 7. Bxf6 Qxf6 8. Be2 O-O 9. O-O d5 10. Ne5 Bd6 11. f4 c5 12. Bf3 cxd4 13. exd4 Qxf4 14.
Nb3 Bxe5 15. dxe5 Qxe5 16. cxd5 exd5 17. Kh1 Qxb2 18. Nd4 Nc6 19. Nf5 Qe5 20. Bxd5 Rad8 21. Bxf7+ Rxf7 22. Qg4 Kh8 23. Nh4 Rxf1+ 24. Rxf1 Ne7 25.
h3 Rd2 26. Rf7 Qe1+ 27. Kh2 Qe5+ 28. Kh1 Kg8 29. Rf1 Rd4 30. Ng6 Rxg4 31. Nxe5 Bxg2+ 32. Kh2 Bxf1 33. hxg4 Be2 34. Kg3 h5 35. Kf4 hxg4 36.
Nd7 Kf7 37. Kg3 Ke6 38. Nb8 Nd5 39. Na6 Ke5 40. Nb8 Kd4 41. Nd7 Kc3 42. Ne5 Kb2 43. a4 Kb3 44. a5 bxa5 45. Nc6 a4 46. Nd4+ Kb2 47. Nxe2 a3 48. Nd4 a2 49. Ne2 a1=Q 50.
Kh4 Qh1+ 51. Kg3 Qf3+ 52. Kh4 Qxe2 53. Kg5 g3 54. Kh4 g2 55. Kg3 g1=Q+ 56. Kh3 Qeg4# 0-1

[Event "Late-Titled-Tuesday-Blitz-March-26-2024"]
[Site "Chess.com"]
[Date "2024.03.26"]
[Round "8"]
[White "manitodeplomo"]
[Black "KetiTsatsalashvili"]
[Result "1-0"]
[WhiteElo "2649"]
[BlackElo "2462"]
[TimeControl "180+1"]
[EndTime "15:28:05 PDT"]
[Termination "manitodeplomo won on time"]

1. d4 Nf6 2. c4 e6 3. Nf3 b6 4.
g3 Bb7 5. Bg2 Bb4+ 6. Nbd2 c6 7.
O-O d5 8. a3 Bxd2 9. Nxd2 O-O 10.
e4 dxe4 11. Nxe4 Nxe4 12. Bxe4 Nd7 13. Be3 Nf6 14. Bg2 Qc8 15. b4 Rd8 16. Qe2 a5 17. Rfb1 h6 18. bxa5 Rxa5 19. Rxb6 Qc7 20. Rab1 Ra7 21. Qb2 Ba8 22. Rb8 Kh7 23. Rxd8 Qxd8 24.
d5 Rb7 25. Bb6 Qc8 26. dxc6 Re7 27. Qb5 e5 28. Bd5 Qh3 29. Bg2 Qf5 30. Bd8 Re8 31.
Bxf6 gxf6 32. Re1 Kg7 33. c7 Rc8 34. Bxa8 Rxa8 35. Qb8 Qc8 36. Rb1 Qa6 37. Qxa8 Qxa8 38. Rb8 Qf3 39. c8=Q Qd1+ 40. Kg2 e4 41. h3 Qf3+ 42. Kg1 Qd1+ 43. Kh2 Qf3 44. Qg4+ Qxg4 45. hxg4 Kg6 46. Rb5 1-0

[Event "Late-Titled-Tuesday-Blitz-March-26-2024"]
[Site "Chess.com"]
[Date "2024.03.26"]
[Round "8"]
[White "Navyblue1"]
[Black "vangulio"]
[Result "1-0"]
[WhiteElo "2291"]
[BlackElo "2542"]
[TimeControl "180+1"]
[EndTime "15:28:06 PDT"]
[Termination "Navyblue1 won on time"]

1. d4 Nf6 2. c4 g6 3. Nc3 Bg7 4.
e4 d6 5. Be2 O-O 6. Bg5 c5 7. d5 Qa5 8. Bd2 e6 9. Nf3 a6 10. a4 Qc7 11. O-O exd5 12. exd5 Bf5 13. Nh4 Bc8 14. h3 Re8 15. Bd3 Nbd7 16. f4 Nh5 17.
Nf3 Ng3 18. Re1 Nf6 19. Rxe8+ Nxe8 20. Qc2 Bf5 21. Re1 Nf6 22. Bxf5 Nxf5 23. Ne4 Nxe4 24. Rxe4 Qd7 25. Bc3 Bxc3 26. Qxc3 Qxa4 27. Kf2 b5 28.
g4 Ng7 29. Ng5 h6 30. cxb5 Qxb5 31. Nf3 Rb8 32. Re2 Re8 33. Rxe8+ Nxe8 34. f5 Qb7 35. fxg6 fxg6 36. Qc4 Qxb2+ 37. Kg3 Qb5 38. Qe4 Qd7 39. Qxg6+ Ng7 40. Qxh6 c4 41. Ng5 Ne8 42. Qg6+ Kf8 43.
Nh7+ Ke7 44. Qg5+ Kf7 45. Qh5+ 1-0

[Event "Late-Titled-Tuesday-Blitz-March-26-2024"]
[Site "Chess.com"]
[Date "2024.03.26"]
[Round "8"]
[White "RandomNoob04"]
[Black "HajiyevKanan"]
[Result "0-1"]
[WhiteElo "2663"]
[BlackElo "2560"]
[TimeControl "180+1"]
[EndTime "15:28:07 PDT"]
[Termination "HajiyevKanan won on time"]

1. e4 c6 2. d4 d5 3. Nc3 a6 4. Nf3 Bg4 5. h3 Bh5 6. exd5 cxd5 7. g4 Bg6 8. Ne5 Nc6 9. Bg2 Nxe5 10. dxe5 e6 11.
O-O Bc5 12. Kh1 h5 13. g5 Ne7 14. Ne2 Nf5 15. Nf4 Qc7 16. c4 dxc4 17. Qe2 O-O 18. Nxg6 fxg6 19. Qxc4 Qxe5 20. Bf4 Qd4 21. Rac1 Kh7 22.
Qxd4 Bxd4 23. Bxb7 Rad8 24. b3 e5 25. Bd2 Rd7 26.
Bxa6 Ra7 27. Rc6 Ng3+ 28. fxg3 Rxa6 29. Rxf8 Rxc6 30. Rf3 Rc2 31. Be3 Rc3 32. Bxd4 Rxf3 33. Bxe5 Re3 34. Bf4 Re1+ 35. Kg2 Re2+ 36. Kf3 Rxa2 37.
b4 Rb2 38. Bd6 Kg8 39. Ke4 Kf7 40. Kd5 Ke8 41. Kc6 Rc2+ 42. Kb6 Kd7 43. Bc5 Rc3 0-1

[Event "Late-Titled-Tuesday-Blitz-March-26-2024"]
[Site "Chess.com"]
[Date "2024.03.26"]
[Round "8"]
[White "Polish_fighter3000"]
[Black "GHANDEEVAM2003"]
[Result "1-0"]
[WhiteElo "3129"]
[BlackElo "3046"]
[TimeControl "180+1"]
[EndTime "15:28:10 PDT"]
[Termination "Polish_fighter3000 won by resignation"]

1. Nf3 Nf6 2. c4 b6 3. g3 Bb7 4.
Bg2 g6 5. d4 Bg7 6. O-O O-O 7.
Qc2 Na6 8. Nc3 Nb4 9. Qa4 a5 10. a3 Ne4 11. Bf4 Nxc3 12. bxc3 Nc6 13. e4 d6 14. Rab1 e5 15. Bg5 Qe8 16. Qd1 exd4 17.
cxd4 Qxe4 18. Ne5 Qxg2+ 19. Kxg2 Nxd4+ 20. Nc6 Bxc6+ 21. f3 Rfe8 22. Rf2 Re6 23. Qd3 Rae8 24. Rbf1 Re2 25. Rxe2 Rxe2+ 26. Kg1 Ba4 27. Rf2 Re1+ 28. Kg2 h6 29. Be3 Nf5 30. Bd2 Rd1 31. Rf1 Nd4 32. Rxd1 Bxd1 33. Be3 Bxf3+ 34. Kf2 Be2 35. Qd2 1-0

[Event "Late-Titled-Tuesday-Blitz-March-26-2024"]
[Site "Chess.com"]
[Date "2024.03.26"]
[Round "8"]
[White "ChessSwole"]
[Black "ExtremeLearner"]
[Result "0-1"]
[WhiteElo "2665"]
[BlackElo "2561"]
[TimeControl "180+1"]
[EndTime "15:28:10 PDT"]
[Termination "ExtremeLearner won by resignation"]

1. d4 Nf6 2. c4 c5 3. Nf3 cxd4 4. Nxd4 Nc6 5. g3 g6 6. Bg2 Bg7 7. O-O O-O 8. Nc3 Qa5 9. Nb3 Qh5 10. e4 Qxd1 11.
Rxd1 d6 12. Nd5 Bg4 13. f3 Be6 14. Be3 Rfc8 15. Rac1 Kf8 16. Bf1 b6 17. Kf2 h5 18.
Bg5 Nd7 19. Nf4 Bxb2 20. Rc2 Bf6 21. Nxe6+ fxe6 22. Be3 Kf7 23. a4 Nc5 24. Nxc5 bxc5 25. Rb1 Rab8 26. Rb5 a6 27. Rxb8 Rxb8 28. Be2 Rb4 29.
Ra2 Bd4 30. f4 Na5 31. f5 Bxe3+ 32. Kxe3 Nxc4+ 33. Bxc4 Rxc4 34. fxg6+ Kxg6 35. h4 Rc3+ 36. Kf2 Kf6 37. Rb2 Ra3 38. Rb8 Rxa4 39. Rh8 Rxe4 40. Rxh5 a5 41. Kf3 Rb4 42. g4 a4 43. g5+ Kg7 44. Rh6 a3 45. Rxe6 Kf7 46. Re2 Rxh4 47. Ra2 Ra4 48. Ke3 Kg6 49. Kd3 e5 0-1

[Event "Late-Titled-Tuesday-Blitz-March-26-2024"]
[Site "Chess.com"]
[Date "2024.03.26"]
[Round "8"]
[White "varunkrishnanchess"]
[Black "kinga2008"]
[Result "1-0"]
[WhiteElo "2638"]
[BlackElo "2454"]
[TimeControl "180+1"]
[EndTime "15:28:11 PDT"]
[Termination "varunkrishnanchess won by checkmate"]

1. d4 g6 2. e4 Bg7 3. Nf3 d6 4. h3 Nd7 5. c4 e5 6. Nc3 exd4 7. Nxd4 Ngf6 8. Be2 O-O 9. O-O Re8 10. f3 Ne5 11.
Be3 a6 12. Rc1 c5 13. Nb3 Be6 14. Nd5 Bxd5 15. cxd5 Rc8 16. Nd2 b5 17. a4 Qb6 18.
Qb3 Rb8 19. axb5 axb5 20. Kh1 Nh5 21. Kh2 Nd7 22. f4 Nhf6 23. Bf3 Re7 24. Ra1 Rbe8 25. Ra2 c4 26. Qa3 b4 27. Bxb6 bxa3 28. Bd4 axb2 29.
Bxb2 Nxe4 30. Nxe4 Rxe4 31. Bxe4 Rxe4 32. Bxg7 Kxg7 33.
Ra6 c3 34. Rxd6 Nf6 35. Rc1 Rd4 36. Rd8 Rxd5 37. Rc8 Ne4 38. Rc4 f5 39. Rc7+ Kh6 40.
Ra1 Rd3 41. Raa7 Nf6 42. Ra6 Nd5 43. Rc4 Ne3 44. Rc7 Nf1+ 45. Kg1 Kh5 46. Rxh7# 1-0

[Event "Late-Titled-Tuesday-Blitz-March-26-2024"]
[Site "Chess.com"]
[Date "2024.03.26"]
[Round "8"]
[White "andrzej"]
[Black "aghasiyevkamal"]
[Result "0-1"]
[WhiteElo "2517"]
[BlackElo "2641"]
[TimeControl "180+1"]
[EndTime "15:28:11 PDT"]
[Termination "aghasiyevkamal won on time"]

1. e4 c5 2. Nf3 d6 3. d4 cxd4 4.
Nxd4 Nf6 5. Nc3 g6 6. Be3 Bg7 7. f3 O-O 8. Qd2 Nc6 9. O-O-O d5 10. exd5 Nxd5 11. Nxc6 bxc6 12. Bd4 e5 13. Bc5 Be6 14. Ne4 Re8 15. h4 h6 16. h5 g5 17. g4 Qc7 18.
Bc4 Rad8 19. Qf2 Nf4 20. Bxe6 Nxe6 21. Rhe1 Qa5 22. Kb1 Rd5 23. Ba3 Red8 24. Nc3 Rxd1+ 25. Rxd1 Rxd1+ 26. Nxd1 e4 27. fxe4 Nd4 28. c3 Qa4 29. Qd2 Nb5 30. Qc2 Nxa3+ 31. bxa3 Qxa3 32. Qb3 Qc5 33. Qb8+ Kh7 34. Qc8 Qb5+ 35. Kc2 Qe2+ 36. Kc1 Qxe4 37.
Qd7 Qd5 38. Qxa7 Be5 39. Qe3 Bf4 0-1

[Event "Late-Titled-Tuesday-Blitz-March-26-2024"]
[Site "Chess.com"]
[Date "2024.03.26"]
[Round "8"]
[White "CMmauricio"]
[Black "Brahianzevich"]
[Result "0-1"]
[WhiteElo "2752"]
[BlackElo "2521"]
[TimeControl "180+1"]
[EndTime "15:28:12 PDT"]
[Termination "Brahianzevich won by resignation"]

1. d4 Nf6 2. e3 g6 3. f4 Bg7 4. Nf3 d5 5. c3 c5 6. Bd3 Nc6 7. Nbd2 O-O 8. O-O Qc7 9. Ne5 Be6 10. Qe1 Ne8 11. Qh4 Nd6 12. Ndf3 Bf5 13. Be2 c4 14. g4 Be4 15. Ng5 h6 16. Nxe4 Nxe4 17. Bf3 Nxe5 18. fxe5 g5 19. Qh3 Qc6 20. Bxe4 dxe4 21. Bd2 a5 22.
Rf5 f6 23. exf6 Rxf6 24. Raf1 Qa4 25. a3 Qc6 26. Be1 Raf8 27. Bg3 Kh7 28. R1f2 Rxf5 29. gxf5 Bf6 30. Qh5 Rg8 31. Be5 Rg7 32. Bxf6 exf6 33. h4 Qb5 34. Kh2 Qd7 35. Qg4 Qd6+ 36. Kh1 gxh4 37.
Qxh4 Qg3 38. Qxg3 Rxg3 39. Re2 Rf3 40. d5 Kg7 41. d6 Kf7 42. d7 Ke7 43. Rd2 Kd8 44.
Rd4 Rxe3 45. Rxc4 Kxd7 46. Kg2 Kd6 47. Kf2 Rf3+ 48. Ke2 Kd5 49. Rc7 Rxf5 50. Rxb7 Ke5 51. Rh7 h5 52. Ke3 Rf3+ 53. Ke2 Rh3 54. c4 Kd4 55. Rc7 Rh2+ 56. Kf1 Rxb2 57. c5 Rc2 58. c6 Ke3 59. Rh7 Rxc6 60. Rxh5 Rc1+ 61. Kg2 a4 62. Ra5 Rc4 63. Kg3 Kd2 64. Rd5+ Ke2 65. Rb5 e3 66. Rb2+ Kd3 67. Kf3 Rc3 68. Rb6 Rxa3 69. Rxf6 Kd2 70. Re6 Rd3 71. Re4 a3 72. Kf4 e2 0-1

[Event "Late-Titled-Tuesday-Blitz-March-26-2024"]
[Site "Chess.com"]
[Date "2024.03.26"]
[Round "8"]
[White "Durarbayli"]
[Black "rezamahdavi2008"]
[Result "1/2-1/2"]
[WhiteElo "2939"]
[BlackElo "2875"]
[TimeControl "180+1"]
[EndTime "15:28:15 PDT"]
[Termination "Game drawn by repetition"]

1. e4 c5 2. Nf3 d6 3. d4 cxd4 4.
Nxd4 Nf6 5. Nc3 a6 6. Be2 e5 7. Nb3 Be6 8. f4 Be7 9. f5 Bd7 10. Bg5 b5 11. Bxf6 Bxf6 12. Qxd6 Be7 13. Qxe5 O-O 14. O-O-O Nc6 15. Qd5 Ra7 16. Kb1 Qc8 17. Qd2 Re8 18. Nd5 Bd8 19. Nc5 Ne5 20. Qd4 Bc6 21. Nd3 Qb8 22. Nxe5 Rxe5 23. Nb4 Bd7 24. Nc6 Bxc6 25. Qxd8+ Qxd8 26. Rxd8+ Be8 27. Bf3 Kf8 28.
Rhd1 Ke7 29. Rc8 Bd7 30. Rh8 h6 31. Rg8 Kf6 32. Rd6+ Ke7 33. Rd4 Kf6 34. Kc1 g6 35. fxg6 fxg6 36. Rd6+ Be6 37. Rh8 h5 38. Rb8 a5 39. a3 h4 40. Kd2 Kg7 41. c3 Bf7 42.
Ke3 Rae7 43. Kd4 g5 44. h3 Ba2 45. Ke3 Bb1 46. Rd4 Ba2 47. Rb6 a4 48. Rdd6 Bb1 49.
Rd4 Ba2 50. Bg4 Bb1 51. Bf3 Ba2 1/2-1/2

[Event "Late-Titled-Tuesday-Blitz-March-26-2024"]
[Site "Chess.com"]
[Date "2024.03.26"]
[Round "8"]
[White "leandrojimenez"]
[Black "Mikhail_Golubev"]
[Result "0-1"]
[WhiteElo "2429"]
[BlackElo "2644"]
[TimeControl "180+1"]
[EndTime "15:28:15 PDT"]
[Termination "Mikhail_Golubev won by resignation"]

1. d4 Nf6 2. c4 g6 3. Nc3 Bg7 4. e4 d6 5. f3 O-O 6. Be3 a6 7. Qd2 Nbd7 8. Nge2 b5 9. cxb5 axb5 10. Nxb5 c6 11.
Nbc3 e5 12. d5 Nb6 13. Ng3 cxd5 14. exd5 Bb7 15. Bg5 Qc7 16. Rc1 Rfc8 17. Bxf6 Bxf6 18. Nge4 Be7 19. Rd1 f5 20. Ng5 Bxg5 21. Qxg5 e4 22. fxe4 fxe4 23. Be2 Rf8 24. h4 Rf5 25. Qg3 Nxd5 26.
h5 Nf4 27. hxg6 hxg6 28. Qh4 Qg7 29. Qg3 d5 30. Bg4 Rf6 31. a3 Raf8 32. O-O Nd3 33.
Rxf6 Qxf6 34. Be2 Qd4+ 35. Kh2 Kg7 36. Qh3 Rh8 37. Bxd3 Rxh3+ 38. Kxh3 exd3 39. Kh2 Qe5+ 40.
g3 Qe3 41. Kg2 d2 42. Nb5 Qe2+ 43. Kh3 Qxd1 0-1

[Event "Late-Titled-Tuesday-Blitz-March-26-2024"]
[Site "Chess.com"]
[Date "2024.03.26"]
[Round "8"]
[White "ChessQueen"]
[Black "steepedgames"]
[Result "1/2-1/2"]
[WhiteElo "2683"]
[BlackElo "2531"]
[TimeControl "180+1"]
[EndTime "15:28:16 PDT"]
[Termination "Game drawn by repetition"]

1. e4 e6 2. d4 d5 3. exd5 exd5 4. Nf3 Bd6 5. c4 dxc4 6. Bxc4 Ne7 7. O-O O-O 8. Nc3 Nbc6 9. Ne4 Bf5 10. Re1 Qd7 11. Bb5 a6 12. Ba4 Rad8 13. Ng3 Bxg3 14. hxg3 Nd5 15.
Bg5 f6 16. Bd2 Kh8 17. Rc1 b5 18. Bb3 Nb6 19. Bf4 Nd5 20. Bxd5 Qxd5 21. Rc5 Qxc5 22.
dxc5 Rxd1 23. Rxd1 Rc8 24. a3 g5 25. Be3 Rd8 26.
Rxd8+ Nxd8 27. Bd4 Kg7 28. Nxg5 Nc6 29. Bc3 b4 30.
axb4 Nxb4 31. g4 Bxg4 32. Ne4 Nd5 33. Bd4 Bf5 34. Ng3 Bg6 35. f3 Kf7 36. Kf2 Ke6 37. Ne2 Bd3 38. Nc1 Bg6 39. g3 h5 40. Ne2 Bd3 41. Nc1 Bg6 42. Ke2 Bc2 43. Kd2 Bg6 44. Ne2 Kf5 45. b3 Ke6 46. Bb2 c6 47. Nd4+ Kd7 48.
Ke2 Bh7 49. Kf2 Bg6 50. Ne2 Ke6 51. Bd4 Bc2 52. Nc1 Nb4 53. Ke3 Bg6 54. Kd2 Nd5 55. Na2 Bf5 56. b4 Bh3 57. Kc1 Bg2 58. f4 Kf5 59.
Kb2 Kg4 60. Bf2 Kf3 61. Be1 Ke2 62. Bc3 Kf3 63. Be1 Ke2 64. Bc3 Kf3 65. Be1 1/2-1/2